 Dungeon Crawl Stone Soup version 0.31-a0-358-gac0dbeb3ab (webtiles) character file.

Game seed: 12752124767905848014

195 BritishOli the Trooper (level 5, -2/42 HPs)
             Began as a Demonspawn Fighter on July 25, 2023.
             Succumbed to an orc's poison
             ... on level 4 of the Dungeon.
             The game lasted 00:02:03 (1784 turns).

BritishOli the Trooper (Demonspawn Fighter)         Turns: 1784, Time: 00:02:03

Health: -2/42      AC: 10    Str: 18    XL:     5   Next: 45%
Magic:  5/5        EV:  9    Int:  9    God:
Gold:   113        SH:  9    Dex: 13    Spells: 4/4 levels left

rFire   . . .        a - +0 war axe
rCold   . . .        c - +0 buckler
rNeg    . . .        b - +0 scale mail
rPois   .            (no helmet)
rElec   .            (no cloak)
rCorr   .            (no gloves)
SInv    .            (no boots)
Will    .....        r - amulet of reflection Stlth
                     (no ring)
HPRegen 0.27/turn    (no ring)
MPRegen 0.09/turn

%: reflection
@: brilliant, lethally poisoned (-2 -> -37)
A: slimy green scales 2, ignite blood 1
a: no special abilities


You were on level 4 of the Dungeon.
You visited 1 branch of the dungeon, and saw 4 of its levels.

You collected 113 gold pieces.

Inventory:

Hand Weapons
 a - a +0 war axe (weapon)
Armour
 b - a +0 scale mail (worn)
 c - a +0 buckler (worn)
Jewellery
 r - an amulet of reflection (around neck)
Scrolls
 f - a scroll of enchant armour {unknown}
 i - a scroll of blinking {unknown}
 k - 2 scrolls of identify {unknown}
 l - 2 scrolls of fear {unknown}
 n - a scroll of enchant weapon {unknown}
 o - a scroll of vulnerability {unknown}
 p - a scroll of amnesia {unknown}
 q - a scroll of teleportation {unknown}
Potions
 d - 3 potions of might
 g - a potion of enlightenment {unknown}
 h - a potion of haste {unknown}
 j - a potion of magic {unknown}
 m - a potion of lignification {unknown}


   Skills:
 + Level 4.2 Fighting
 + Level 3.2 Axes
 + Level 3.8 Armour
 - Level 3.0 Shields


You had 4 spell levels left.
You didn't know any spells.
Your spell library contained the following spells:

 Spells                   Type           Power      Damage    Failure   Level
 Freeze                   Ice            0%         1d3       85%         1
 Sublimation of Blood     Necr           0%         N/A       94%         2
 Frozen Ramparts          Ice            0%         1d1       99%         3
 Hailstorm                Conj/Ice       0%         3d3       99%         3
 Ozocubu's Armour         Ice            0%         N/A       99%         3
 Petrify                  Tmut/Erth      0%         N/A       100%        4
 Irradiate                Conj/Tmut      0%         3d11      100%        5
 Metabolic Englaciation   Hex/Ice        0%         N/A       100%        5
 Simulacrum               Ice/Necr       0%         N/A       100%        6


Dungeon Overview and Level Annotations

Branches:
Dungeon (4/15)
 Temple: D:4-7

Altars:
Dithmenos


Innate Abilities, Weirdness & Mutations

You are mostly covered in slimy green scales. (AC +3)
Your demonic aura sometimes causes spilled blood to erupt in flames.


Message History

You hit the adder but do no damage. You block the adder's attack. x2
There are monsters nearby!
You hit the adder.
The adder is lightly wounded.
The adder closely misses you. The adder bites you but does no damage.
There are monsters nearby!
You closely miss the adder.
The adder is lightly wounded.
You closely miss the orc. The orc closely misses you.
The adder bites you but does no damage. You block the orc's attack.
The adder barely misses you.
You miss the adder.
The adder is lightly wounded.
You hit the orc but do no damage. You block the adder's attack.
The orc hits you with a +4 dagger of venom.
You are poisoned.
The adder closely misses you.
You barely miss the adder.
The adder is lightly wounded.
You hit the orc but do no damage.
You feel very sick. You block the orc's attack. You block the adder's attack.
The orc wizard casts a spell.
The orc wizard flickers and vanishes!
The orc hits you but does no damage.
You are more poisoned.
The orc attacks as you move away!
The orc hits you with a +4 dagger of venom.
You are more poisoned.
You feel very sick. The adder bites you.
You are lethally poisoned!
The adder poisons you! The adder attacks as you move away!
The adder bites you but does no damage. The orc attacks as you move away!
The orc hits you with a +4 dagger of venom!
You are more poisoned.
* * * LOW HITPOINT WARNING * * *
You feel extremely sick.
It was a potion of brilliance.
You feel clever all of a sudden.
You die...

#....# #....# ##....#
#...[.# #...#.# #.... .
#...#.# #.... ... ##..)#.#
#.... .....#####....#.#
###....
......o.S@..<...####......
......W.o.................
.....##.##......##...#....
.... #$.#..##.#.##.####..#
... ...##.###.#..#.###....
#. ...# #. ##.#.........##
# #.## #........#..###.#
#. .##......###..#
>...####.#...##


You could see a phantom, an adder and 2 orcs.

Vanquished Creatures
  A scorpion (D:4)
  Natasha (D:2)
  An orc wizard (D:3)
  3 adders
  A dart slug (D:3)
  4 orcs (D:3)
  7 endoplasms
  A giant cockroach (D:2)
  5 goblins
  4 hobgoblins
  7 jackals
  2 quokkas
  7 ball pythons
  6 bats
  3 frilled lizards
  4 kobolds
  3 rats
60 creatures vanquished.

Notes
Turn   | Place    | Note
-------+----------+-------------------------------------------
     0 | D:1      | BritishOli the Demonspawn Fighter began the quest for the
                  | Orb.
     0 | D:1      | Reached XP level 1. HP: 18/18 MP: 1/1
    76 | D:1      | You fall into a shaft and drop 1 floor!
   144 | D:2      | Gained mutation: You are partially covered in slimy green
                  | scales. (AC +2) [demonic ancestry]
   144 | D:2      | Reached XP level 2. HP: 24/24 MP: 2/2
   155 | D:2      | Found a faded altar of an unknown god.
   256 | D:2      | Noticed Natasha
   472 | D:1      | Gained mutation: You are mostly covered in slimy green
                  | scales. (AC +3) [demonic ancestry]
   472 | D:1      | Reached XP level 3. HP: 28/29 MP: 3/3
   832 | D:2      | Killed Natasha
   949 | D:3      | Reached XP level 4. HP: 36/36 MP: 4/4
  1589 | D:4      | Found a shadowy altar of Dithmenos.
  1613 | D:4      | Reached skill level 4 in Fighting
  1645 | D:4      | Gained mutation: Your demonic aura sometimes causes spilled
                  | blood to erupt in flames. [demonic ancestry]
  1645 | D:4      | Reached XP level 5. HP: 37/42 MP: 5/5
  1775 | D:4      | Noticed a phantom
  1784 | D:4      | Succumbed to an orc's poison

Illustrated notes

Levels and vault maps discovered:
D:1:      enne_arrival_octagon_isle, layout_loops_ring
D:2:      layout_rooms, hellmonk_ecumenical_altar_dog_temple, uniq_natasha
D:3:      layout_basic
D:4:      layout_rooms, minitemple, mainiacjoe_overflow_boulevard, serial_shops,
          nicolae_shop_waterfront, chequers_serial_rivers_large_b

Skill      XL: |  1  2  3  4 |
---------------+-------------+-----
Axes           | 2 3 |  3.2
Armour         | 3 |  3.8
Shields        | 3 |  3.0
Fighting       | 4 |  4.2

Action                     |  1- 3 |  4- 6 || total
---------------------------+-------+-------++-------
  Melee: War axe           |   101 |    95 ||   196
    Use: Potion            |       |     1 ||     1
 Armour: Scale mail        |    58 |    49 ||   107
  Dodge: Dodged            |    69 |    48 ||   117
  Block: Buckler           |    32 |    29 ||    61

Table legend: (Time is in decaauts)
 A = Elapsed time spent in this place.
 B = Non-inter-level travel time spent in this place.
 C = Inter-level travel time spent in this place.
 D = Time resting spent in this place.
 E = Time spent auto-exploring this place.
 F = Levels seen in this place.
 G = Mean time per level.
                   A        B        C        D        E       F      G
               +--------+--------+--------+--------+--------+-----+--------+
         Total |   1871 |   1814 |     57 |     91 |   1260 |   4 |  467.8 |
       Dungeon |   1871 |   1814 |     57 |     91 |   1260 |   4 |  467.8 |
               +--------+--------+--------+--------+--------+-----+--------+

Top non-repeatable levels by time:
     D:3: 696 daAuts
     D:1: 620 daAuts
     D:2: 346 daAuts
     D:4: 207 daAuts
